Map: Rhoskallian LE

Players

qqq - Winner!

  • Race: Protoss Protoss
  • Spawn Location: 5:00

Massa - Winner!

  • Race: Terran Terran
  • Spawn Location: 6:00

Coronas

  • Race: Protoss Protoss
  • Spawn Location: 11:00

PokerFace

  • Race: Protoss Protoss
  • League: Silver
  • Spawn Location: 12:00

VOD

Have the link to the VOD?

Description

Time

  • Played on: Oct. 1, 2020, 5:29 p.m.
  • Length: 11:55
Show
View Real Time Build Order
Export as new Build Order

qqq Protoss - Winner!

Build Orders:  

Get SALT Encoding   

  12  0:02  Probe  
  13  0:15  Pylon  
  13  0:22  Probe  
  14  0:35  Pylon  
  14  0:40  Probe  
  15  0:52  Probe  
  16  1:08  Forge  
  16  1:29  Pylon  
  16  1:53  Photon Cannon  
  16  1:56  Pylon  
  15  2:04  Photon Cannon  
  15  2:07  Pylon  
  15  2:16  Pylon  
  15  2:25  Photon Cannon  
  15  2:37  Pylon  
  15  2:39  Photon Cannon  
  15  2:47  Pylon  
  15  2:54  Pylon  
  15  2:55  Photon Cannon  
  15  3:03  Photon Cannon  
  15  3:16  Photon Cannon  
  15  3:21  Photon Cannon  
  15  3:30  Pylon  
  15  4:08  Probe  
  16  4:12  Nexus  
  16  4:20  Pylon  
  16  4:28  Probe  
  17  4:40  Probe  
  17  4:42  Photon Cannon  
  18  4:52  Probe, Gateway  
  19  5:04  Probe  
  20  5:12  Gateway  
  20  5:16  Assimilator  
  20  5:18  Probe (Chrono Boost)  
  20  5:20  Assimilator  
  21  5:24  Probe (Chrono Boost)  
  22  5:34  Probe (Chrono Boost)  
  23  5:36  Pylon  
  23  5:37  Probe (Chrono Boost)  
  24  5:48  Probe  
  24  5:49  Probe  
  26  5:59  Cybernetics Core  
  26  6:01  Probe  
  26  6:02  Probe  
  28  6:13  Probe  
  28  6:14  Probe  
  28  6:16  Photon Cannon  
  30  6:32  Photon Cannon  
  30  6:34  Stalker (Chrono Boost)  
  30  6:39  Probe  
  33  6:56  Stalker  
  33  6:57  Photon Cannon  
  35  7:02  Shield Battery  
  35  7:16  Probe x2  
  37  7:24  Gateway  
  37  7:28  Probe x2  
  39  7:37  Robotics Facility  
  39  7:40  Probe x2  
  41  7:52  Probe  
  41  7:53  Probe  
  43  8:01  Assimilator  
  43  8:04  Probe  
  44  8:10  Photon Cannon  
  44  8:11  Nexus  
  44  8:12  Pylon  
  44  8:13  Pylon  
  44  8:24  Stalker x2  
  44  8:26  Immortal  
  52  8:54  Stalker  
  54  8:56  Stalker  
  56  9:23  Stalker  
  58  9:36  Photon Cannon  
  58  9:37  Shield Battery  
  58  9:39  Photon Cannon  
  58  9:45  Immortal  
  62  9:46  Stalker  
  64  9:53  Stalker  
  53  10:16  Stalker  
  55  10:23  Stalker  
  55  10:24  Immortal  
  61  10:46  Stalker  
  63  10:53  Stalker  
  65  11:03  Immortal  
  67  11:16  Stalker  
  69  11:23  Stalker  
Show
View Real Time Build Order
Export as new Build Order

Massa Terran - Winner!

Build Orders:  

Get SALT Encoding   

  12  0:01  SCV  
  13  0:13  SCV  
  14  0:24  Supply Depot  
  14  0:26  SCV  
  15  0:31  Refinery  
  15  0:46  SCV  
  15  0:47  Barracks  
  16  0:55  Refinery  
  16  1:00  SCV  
  17  1:12  SCV  
  18  1:24  SCV  
  19  1:35  Factory  
  19  1:37  Supply Depot  
  19  1:39  Reaper  
  20  1:47  SCV  
  21  2:11  Reaper  
  22  2:42  Hellion  
  22  2:43  Reaper  
  25  2:57  Orbital Command, Command Center  
  25  3:04  Hellion  
  27  3:25  Hellion  
  27  4:05  Widow Mine  
  29  4:12  Orbital Command  
  29  4:15  SCV  
  30  4:27  Widow Mine, Barracks Tech Lab, SCV  
  29  4:39  SCV  
  30  4:48  Widow Mine  
  30  4:50  Marauder  
  30  4:51  SCV  
  35  4:57  SCV  
  36  5:03  SCV  
  36  5:06  Barracks  
  37  5:07  Barracks x2  
  37  5:09  SCV  
  37  5:11  Marauder  
  37  5:13  Starport  
  40  5:15  SCV  
  40  5:17  Starport  
  41  5:38  Widow Mine  
  43  5:56  Supply Depot  
  43  5:57  Armory, Supply Depot  
  43  5:58  Barracks  
  43  5:59  Barracks Reactor, Barracks Tech Lab x2  
  43  6:00  Widow Mine  
  45  6:07  SCV  
  45  6:10  Supply Depot  
  46  6:13  Supply Depot  
  46  6:15  Supply Depot  
  46  6:18  SCV, Marauder, Engineering Bay  
  49  6:19  SCV  
  49  6:20  Supply Depot  
  49  6:22  Refinery  
  50  6:30  Widow Mine, SCV  
  50  6:31  SCV  
  54  6:39  Marauder  
  56  6:42  SCV  
  56  6:43  SCV  
  58  6:51  Widow Mine, Stimpack  
  61  6:54  SCV, Concussive Shells  
  61  6:56  Marauder x2, Marine x3  
  61  7:01  Marauder  
  70  7:14  Marine x3  
  71  7:16  Starport Tech Lab  
  71  7:17  Marauder, Marine  
  71  7:18  Starport Tech Lab  
  71  7:21  Marine  
  75  7:26  Refinery  
  71  7:55  Factory Tech Lab  
  71  8:12  Command Center  
  71  8:25  Command Center  
  71  8:30  Siege Tank  
  74  8:38  Banshee x2  
  80  8:48  Cloaking Field  
  78  9:02  Siege Tank  
  81  9:05  SCV  
  81  9:06  SCV  
  83  9:18  SCV x2  
  83  9:21  Banshee x2  
  91  9:30  SCV x2  
  90  9:42  SCV  
  91  9:57  Missile Turret  
  91  10:01  Missile Turret  
  91  10:03  Banshee  
  91  10:04  Banshee, Missile Turret  
  91  10:05  Missile Turret x2  
  91  10:06  Orbital Command  
  97  10:08  Orbital Command  
  97  10:09  SCV x2  
  99  10:17  Marauder x3, Marine  
  106  10:21  SCV x2  
  106  10:22  Missile Turret  
  106  10:25  Missile Turret x3  
  106  10:26  Marine x2, Missile Turret  
  110  10:29  Combat Shield  
  110  10:33  SCV x2  
  110  10:35  Marine, Supply Depot  
  112  10:38  Marauder, Marine, Supply Depot  
  112  10:39  Marauder  
  112  10:41  Supply Depot  
  118  10:43  Marine, Supply Depot  
  118  10:44  Marine, Supply Depot  
  118  10:47  Missile Turret, Supply Depot  
  118  10:48  Missile Turret  
  120  10:50  Missile Turret, Supply Depot  
  120  11:00  Banshee  
  120  11:01  Banshee  
  126  11:07  Siege Tank  
Show
View Real Time Build Order
Export as new Build Order

Coronas Protoss 

Build Orders:  

Get SALT Encoding   

  12  0:09  Pylon  
  12  0:14  Probe (Chrono Boost)  
  13  0:24  Probe (Chrono Boost)  
  14  0:29  Probe (Chrono Boost)  
  15  0:43  Probe  
  15  0:46  Forge  
  16  0:55  Probe  
  17  1:07  Probe  
  18  1:19  Probe  
  19  1:37  Gateway  
  19  1:39  Assimilator  
  19  1:46  Pylon  
  19  1:56  Pylon  
  19  2:15  Photon Cannon  
  18  2:39  Pylon  
  18  2:43  Cybernetics Core  
  18  2:51  Pylon  
  18  3:00  Photon Cannon  
  18  3:12  Photon Cannon  
  18  3:23  Photon Cannon  
  18  3:29  Photon Cannon  
  18  3:40  Probe (Chrono Boost)  
  19  3:50  Probe (Chrono Boost)  
  19  3:55  Probe (Chrono Boost)  
  19  3:59  Zealot (Chrono Boost)  
  22  4:07  Probe  
  23  4:17  Zealot  
  25  4:29  Probe  
  26  4:45  Zealot, Warp Gate (Chrono Boost)  
  28  4:46  Probe  
  29  5:02  Nexus  
  29  5:12  Pylon  
  29  5:14  Assimilator  
  29  5:23  Stalker  
  30  5:49  Photon Cannon  
  28  6:02  Stalker  
  30  6:10  Probe  
  31  6:20  Gateway  
  31  6:22  Probe  
  32  6:26  Gateway  
  32  6:34  Probe  
  32  6:37  Photon Cannon  
  33  6:40  Pylon  
  33  6:50  Stalker  
  35  7:15  Photon Cannon  
  35  7:21  Photon Cannon  
  35  7:28  Stalker x2  
  35  7:29  Stalker  
  37  7:55  Stalker x3  
  33  8:13  Robotics Facility  
  33  8:24  Twilight Council  
  33  8:51  Stalker x2  
  33  8:52  Stalker  
  39  9:03  Shield Battery  
  39  9:15  Stalker x3  
  45  9:26  Immortal (Chrono Boost)  
  43  9:56  Stalker x2  
  39  10:16  Immortal (Chrono Boost)  
  37  10:30  Stalker  
  37  10:31  Stalker x2  
  31  11:08  Robotics Facility  
  31  11:10  Robotics Facility  
  31  11:11  Photon Cannon  
Show
View Real Time Build Order
Export as new Build Order

PokerFace Protoss 

Build Orders:  

Get SALT Encoding   

  12  0:13  Probe (Chrono Boost)  
  13  0:19  Pylon  
  13  0:23  Probe (Chrono Boost)  
  14  0:28  Probe (Chrono Boost)  
  15  0:41  Probe, Forge  
  16  0:57  Gateway  
  16  1:02  Probe  
  17  1:08  Assimilator  
  17  1:14  Probe  
  18  1:24  Photon Cannon  
  18  1:34  Photon Cannon  
  18  2:01  Zealot  
  18  2:07  Cybernetics Core  
  20  2:26  Pylon  
  18  2:42  Pylon  
  18  2:45  Pylon  
  9  3:22  Photon Cannon  
  9  3:24  Photon Cannon  
  9  3:26  Photon Cannon  
  7  3:36  Pylon  
  7  3:40  Probe  
  6  3:52  Probe  
  2  9:12  Stalker  
  4  10:34  Stalker  
Tags
 
Add a new tag
Caveats
  • Supply blocks, unpowered buildings, or Contaminate may cause inaccurate times.
  • Supply counts are checked every 10 seconds.